[Event "*** MasterClass Titled Tuesday Blitz"]
[Site "Chess.com"]
[Date "2017.08.01"]
[Round "3"]
[White "OldweakGM"]
[Black "SipkeErnst"]
[Result "0-1"]
[WhiteElo "2595"]
[BlackElo "2545"]
[TimeControl "180+2"]
[EndTime "13:34:27 PDT"]
[Termination "SipkeErnst won by resignation"]

1. Nf3 d5 2. d4 c6 3. Bf4 Bf5 4. e3 e6 5. c4 Nd7 6. Nc3 Ngf6 7. Qb3 Qb6 8. c5 Qxb3 9. axb3 a6 10. b4 Rc8 11. h3 Be7 12. Nd2 Bd8 13. Nb3 Bc7 14. Na5 Bxf4 15. exf4 Rc7 16. f3 h6 17. Kd2 g5 18. g4 Bg6 19. b5 cxb5 20. Bxb5 O-O 21. fxg5 hxg5 22. Bxd7 Nxd7 23. b4 b6 24. Nb3 a5 25.
cxb6 Nxb6 26. Nxa5 Nc4+ 27. Nxc4 Rxc4 0-1

[Event "*** MasterClass Titled Tuesday Blitz"]
[Site "Chess.com"]
[Date "2017.08.01"]
[Round "3"]
[White "Gordima"]
[Black "GMMarcinDziuba"]
[Result "1-0"]
[WhiteElo "2609"]
[BlackElo "2527"]
[TimeControl "180+2"]
[EndTime "13:34:34 PDT"]
[Termination "Gordima won by resignation"]

1. c4 e5 2. g3 Nf6 3. Bg2 d5 4. cxd5 Nxd5 5. Nf3 Nc6 6. O-O Nb6 7. b3 Bd6 8. Bb2 O-O 9. Nc3 Bg4 10. d4 Bxf3 11. Bxf3 exd4 12. Nb5 Be5 13. Rc1 Qf6 14.
Bxc6 bxc6 15. Nxd4 Rad8 16. e3 c5 17. Rxc5 Nd7 18.
Rc6 Bd6 19. Qf3 Qg6 20. Nf5 Rfe8 21. Nxg7 Be5 22. Rxg6 1-0

[Event "*** MasterClass Titled Tuesday Blitz"]
[Site "Chess.com"]
[Date "2017.08.01"]
[Round "3"]
[White "Sharafiev_Azat"]
[Black "Caisachess"]
[Result "1-0"]
[WhiteElo "2288"]
[BlackElo "2249"]
[TimeControl "180+2"]
[EndTime "13:34:38 PDT"]
[Termination "Sharafiev_Azat won by resignation"]

1. Nf3 Nf6 2. c4 e6 3. g3 Be7 4. Bg2 O-O 5. O-O d5 6. d4 dxc4 7.
Qc2 a6 8. Rd1 Bd7 9. Ne5 Bc6 10.
e4 b5 11. b3 Bb7 12. bxc4 Nbd7 13. cxb5 axb5 14. Nc6 Bxc6 15. Qxc6 b4 16. Nd2 Nb6 17.
Nb3 Qd7 18. Qc2 Qb5 19. Qxc7 Rfe8 20. Bf4 Rac8 21. Qb7 Ra8 22. Bf1 1-0

[Event "*** MasterClass Titled Tuesday Blitz"]
[Site "Chess.com"]
[Date "2017.08.01"]
[Round "3"]
[White "HaryKane"]
[Black "quesfr"]
[Result "1-0"]
[WhiteElo "2275"]
[BlackElo "2119"]
[TimeControl "180+2"]
[EndTime "13:34:39 PDT"]
[Termination "HaryKane won by resignation"]

1. e4 e6 2. d4 d5 3. Nd2 c5 4. exd5 exd5 5. Bb5+ Nc6 6. Qe2+ Qe7 7. Qxe7+ Bxe7 8. dxc5 Bxc5 9. Ngf3 Nf6 10. O-O O-O 11. Nb3 Bb6 12. Bg5 Ne4 13. Bh4 Bg4 14. Bxc6 bxc6 15. Ne5 g5 16. Nxg4 gxh4 17. Rad1 f5 18. Ne5 Rac8 19. Nd4 Rf6 20. Nd7 Rd6 21. Nxb6 axb6 22.
Nxf5 Rf6 23. Ne7+ 1-0

[Event "*** MasterClass Titled Tuesday Blitz"]
[Site "Chess.com"]
[Date "2017.08.01"]
[Round "3"]
[White "LazarusIcarus"]
[Black "kikydu96"]
[Result "1-0"]
[WhiteElo "2207"]
[BlackElo "2272"]
[TimeControl "180+2"]
[EndTime "13:34:45 PDT"]
[Termination "LazarusIcarus won by resignation"]

1. e4 c5 2. Nf3 d6 3. d4 cxd4 4. Nxd4 Nf6 5. Nc3 a6 6. Bg5 Nbd7 7. Qe2 Qc7 8. O-O-O b5 9. f4 e6 10. a3 Bb7 11. g4 Be7 12. Bh4 Nc5 13. Bg2 Nfxe4 14. Nxe4 Bxh4 15. Nxc5 dxc5 16. Nxe6 fxe6 17. Qxe6+ Be7 18.
Bxb7 Qxb7 19. Rhe1 Rd8 20. Rxd8+ Kxd8 21. Qf7 Qc7 22. Kb1 Bf6 23. Qd5+ Kc8 24. Qa8+ Qb8 25.
Qxa6+ Kc7 26. g5 Bd8 27. Qe6 Qb6 28. Qf7+ Kb8 29. Qxg7 Qa5 30. c3 Qa6 31. Qxh8 Qg6+ 32. Ka1 Qd6 33. Qe5 Bc7 34. Qxd6 Bxd6 35. f5 Bf4 36. g6 1-0

[Event "*** MasterClass Titled Tuesday Blitz"]
[Site "Chess.com"]
[Date "2017.08.01"]
[Round "3"]
[White "Tash_Boy"]
[Black "Keaton87"]
[Result "0-1"]
[WhiteElo "2431"]
[BlackElo "2497"]
[TimeControl "180+2"]
[EndTime "13:34:46 PDT"]
[Termination "Keaton87 won by resignation"]

1. e4 c5 2. Nf3 d6 3. d4 Nf6 4.
Nc3 cxd4 5. Nxd4 g6 6. Be3 Bg7 7. f3 O-O 8. Bc4 Nc6 9. Bb3 Bd7 10. Qd2 Rc8 11. O-O-O Nxd4 12. Bxd4 b5 13. Nd5 Nxd5 14. Bxg7 Kxg7 15. exd5 a5 16. a3 b4 17. axb4 axb4 18. h4 Qa5 19. Qd4+ Kg8 20. g4 Ba4 21. Kd2 Bxb3 22. cxb3 Rc5 23. Ke3 e6 24. dxe6 fxe6 25.
h5 Rd5 26. Qc4 Qa7+ 27. Ke2 Re5+ 28. Kd2 Qe3+ 29. Kc2 Rc5 30. hxg6 Rxc4+ 31. bxc4 hxg6 32. Rhe1 Qxf3 33. Rxe6 b3+ 34. Kc1 Qxg4 35. Rdxd6 Qxc4+ 36. Kd2 Rf2+ 0-1

[Event "*** MasterClass Titled Tuesday Blitz"]
[Site "Chess.com"]
[Date "2017.08.01"]
[Round "3"]
[White "YaWaleriy"]
[Black "sergiochess83"]
[Result "0-1"]
[WhiteElo "2210"]
[BlackElo "2653"]
[TimeControl "180+2"]
[EndTime "13:34:50 PDT"]
[Termination "sergiochess83 won by resignation"]

1. d4 Nf6 2. c4 g6 3. Nc3 d5 4.
Nf3 Bg7 5. Bg5 Ne4 6. cxd5 Nxg5 7.
Nxg5 e6 8. Nf3 exd5 9. e3 O-O 10. Bd3 c6 11. b4 a5 12. a3 Qd6 13. Rb1 axb4 14.
axb4 Bg4 15. O-O Nd7 16. h3 Bxf3 17. Qxf3 Ra3 18. Rfc1 b5 19. Qd1 Nb6 20. Rb3 Rfa8 21. Rcb1 Rxb3 22. Qxb3 Nc4 23. Qd1 h5 24. Be2 Bf8 25.
Bf3 Ra3 26. Ne2 Bh6 27. e4 dxe4 28. Bxe4 Nd2 29. Qc2 Nxb1 30. Qxb1 Ra4 31. Qc2 Rxb4 32. Qxc6 Rb1+ 0-1

[Event "*** MasterClass Titled Tuesday Blitz"]
[Site "Chess.com"]
[Date "2017.08.01"]
[Round "3"]
[White "CookiesAndIceCream"]
[Black "pedroholly22"]
[Result "1-0"]
[WhiteElo "2171"]
[BlackElo "2256"]
[TimeControl "180+2"]
[EndTime "13:35:02 PDT"]
[Termination "CookiesAndIceCream won by resignation"]

1. e4 c5 2. Nf3 e6 3. d4 cxd4 4.
Nxd4 a6 5. c4 Qc7 6. Nc3 Nc6 7.
Be2 Nf6 8. O-O Bd6 9. Kh1 Nxd4 10. Qxd4 Be5 11. Qd3 Bd6 12. f4 e5 13. f5 b6 14.
Bg5 Bb7 15. Rac1 Rc8 16. Rfd1 Bb4 17. Nd5 Nxd5 18. cxd5 Qb8 19. a3 Bc5 20. b4 Bd4 21. Rxc8+ Qxc8 22. Rc1 Qb8 23. f6 gxf6 24. Bxf6 Rg8 25.
Qh3 Qd6 26. Qxh7 Rg6 27. Bg7 Ke7 28. Qh4+ f6 29. Qh7 Kf7 30. Bh5 1-0

[Event "*** MasterClass Titled Tuesday Blitz"]
[Site "Chess.com"]
[Date "2017.08.01"]
[Round "3"]
[White "politeplayer"]
[Black "abubakrtagelsir"]
[Result "0-1"]
[WhiteElo "2208"]
[BlackElo "2300"]
[TimeControl "180+2"]
[EndTime "13:35:28 PDT"]
[Termination "abubakrtagelsir won by resignation"]

1. e4 d6 2. d4 Nf6 3. Nc3 g6 4. f4 Bg7 5. Nf3 c5 6. dxc5 Qa5 7. Qd4 O-O 8. b4 Qd8 9. e5 Nc6 10. Qd2 dxe5 11. fxe5 Ng4 12. Qxd8 Rxd8 13. a3 Ngxe5 14. Nxe5 Bxe5 15. Bd2 Bg4 16. Bd3 Nd4 17. Rc1 Nb3 18.
cxb3 Rxd3 19. Rc2 Rad8 20. Ne4 Bf5 21. Nf2 Rxd2 22. Rxd2 Bc3 23. O-O 0-1

[Event "*** MasterClass Titled Tuesday Blitz"]
[Site "Chess.com"]
[Date "2017.08.01"]
[Round "3"]
[White "ka1ser64"]
[Black "joppie2"]
[Result "0-1"]
[WhiteElo "2363"]
[BlackElo "2609"]
[TimeControl "180+2"]
[EndTime "13:35:30 PDT"]
[Termination "joppie2 won by resignation"]

1. d4 d5 2. c4 c6 3. Nf3 Nf6 4. Nc3 dxc4 5. a4 e6 6. e3 c5 7.
Bxc4 Nc6 8. O-O Be7 9. Re1 O-O 10. b3 cxd4 11. exd4 Bb4 12. Bb2 Bxc3 13. Bxc3 Nd5 14. Bd2 b6 15. Qe2 Bb7 16. Qe4 Nce7 17. Qg4 Nf6 18.
Qg3 Nf5 19. Qh3 Bxf3 20. Qxf3 Nxd4 21. Qc3 Nf5 22. Rxe6 fxe6 23. Bxe6+ Kh8 24. Bxf5 Nd5 25. Qe5 Qf6 26. Qxf6 Nxf6 27. a5 Rad8 28. Be3 Nd5 29. Bg5 Rde8 30. Bd7 Re5 31. Bh4 bxa5 32. Bg3 Nf4 33.
Kf1 g5 34. h4 Rd5 35. Bg4 h6 36. hxg5 hxg5 37. Rc1 Rd3 38. Bxf4 Rxf4 39. Be6 a4 40. bxa4 Rxa4 41. Rc2 Re4 42. Rc8+ Kg7 0-1

[Event "*** MasterClass Titled Tuesday Blitz"]
[Site "Chess.com"]
[Date "2017.08.01"]
[Round "3"]
[White "B-man"]
[Black "wonderfultime"]
[Result "0-1"]
[WhiteElo "2378"]
[BlackElo "2659"]
[TimeControl "180+2"]
[EndTime "13:35:31 PDT"]
[Termination "wonderfultime won on time"]

1. d4 d5 2. Nf3 Nf6 3. Bf4 e6 4. h3 c5 5. c3 Bd6 6. Bxd6 Qxd6 7. Nbd2 Nc6 8. e3 O-O 9. Bb5 Bd7 10. Bxc6 Bxc6 11.
O-O h6 12. Ne5 Bb5 13. Re1 Ba6 14. f4 Rab8 15. a4 b6 16. g4 Ne8 17. g5 f6 18.
Ng6 Rf7 19. gxh6 gxh6 20. Qh5 Kh7 21. Kh2 Ng7 22. Qg4 Rg8 23. Rg1 Nf5 24. Qh5 Rfg7 25.
Nh4 Nxe3 0-1

[Event "*** MasterClass Titled Tuesday Blitz"]
[Site "Chess.com"]
[Date "2017.08.01"]
[Round "3"]
[White "Cryptochess"]
[Black "pedromartinez91"]
[Result "0-1"]
[WhiteElo "2460"]
[BlackElo "2330"]
[TimeControl "180+2"]
[EndTime "13:35:32 PDT"]
[Termination "pedromartinez91 won by resignation"]

1. e4 c5 2. Nc3 Nc6 3. g3 g6 4.
Bg2 d6 5. d3 Bg7 6. Be3 e5 7.
Qd2 Nge7 8. Nge2 Nd4 9. O-O O-O 10. f4 exf4 11. Nxf4 Nec6 12. Ncd5 Ne6 13. c3 Nxf4 14. Bxf4 Be6 15. Bg5 f6 16. Bh6 Ne7 17. Bxg7 Kxg7 18. Nf4 Bf7 19. d4 Qc7 20. Rae1 Rad8 21. g4 Bg8 22. h4 Nc6 23. g5 cxd4 24. cxd4 Qb6 25.
h5 fxg5 26. Ne2 Bc4 27. hxg6 Bxe2 28. Qxe2 Qxd4+ 29. Kh1 hxg6 30. Bh3 Ne5 31. Kg2 Rf4 32. Be6 Rdf8 33. Rxf4 gxf4 34. Qf2 Qxf2+ 0-1

[Event "*** MasterClass Titled Tuesday Blitz"]
[Site "Chess.com"]
[Date "2017.08.01"]
[Round "3"]
[White "Anton_Demchenko"]
[Black "viggi38"]
[Result "1-0"]
[WhiteElo "2748"]
[BlackElo "2382"]
[TimeControl "180+2"]
[EndTime "13:35:38 PDT"]
[Termination "Anton_Demchenko won by resignation"]

1. e4 e6 2. d4 d5 3. Nd2 Nc6 4. Ngf3 Nf6 5. e5 Nd7 6. Nb3 Be7 7. Bd3 O-O 8. h4 f6 9. Ng5 fxg5 10. Bxh7+ Kxh7 11.
hxg5+ Kg8 12. Qh5 Bxg5 13. Bxg5 Qe8 14. Qh7+ Kf7 15. Rh4 Ne7 16. O-O-O Ng6 17. Rh3 Ne7 18. g4 Nb6 19. Rf3+ Nf5 20. gxf5 exf5 21. Bf6 Rg8 22. Rg1 Qf8 23. Qg6+ 1-0

[Event "*** MasterClass Titled Tuesday Blitz"]
[Site "Chess.com"]
[Date "2017.08.01"]
[Round "3"]
[White "Fandorine"]
[Black "backreg"]
[Result "1-0"]
[WhiteElo "2657"]
[BlackElo "2386"]
[TimeControl "180+2"]
[EndTime "13:35:42 PDT"]
[Termination "Fandorine won by resignation"]

1. e4 c5 2. Nf3 e6 3. g3 Nc6 4.
Bg2 h5 5. h3 d6 6. O-O Be7 7.
c3 h4 8. g4 e5 9. d4 g5 10.
Na3 cxd4 11. cxd4 a6 12. Nc4 b5 13. Ne3 Nh6 14. a4 Bb7 15. axb5 axb5 16. Rxa8 Bxa8 17. Nd5 Nxd4 18. Nxd4 Bxd5 19. exd5 exd4 20. Qxd4 O-O 21. f4 Bf6 22. Qd2 gxf4 23. Qxf4 Bg7 24. g5 Be5 25.
Qxh4 Qb6+ 26. Kh1 Nf5 27. Rxf5 Rc8 28. Rf1 Rc2 29. g6 fxg6 30. Qe4 Qc5 31. Qxg6+ Bg7 32. Bh6 1-0

[Event "*** MasterClass Titled Tuesday Blitz"]
[Site "Chess.com"]
[Date "2017.08.01"]
[Round "3"]
[White "Divertissement"]
[Black "Bryakin_Mikhail"]
[Result "0-1"]
[WhiteElo "2402"]
[BlackElo "2536"]
[TimeControl "180+2"]
[EndTime "13:35:52 PDT"]
[Termination "Bryakin_Mikhail won by resignation"]

1. e4 c6 2. d4 d5 3. exd5 cxd5 4. Bd3 Nc6 5. c3 Nf6 6. Bf4 g6 7. Nd2 Bf5 8. Bxf5 gxf5 9. Ngf3 e6 10. O-O Bd6 11.
Bxd6 Qxd6 12. Re1 Ne4 13. Nf1 O-O 14. N3d2 Kh8 15. f3 Nf6 16. Re2 Rg8 17. Ne3 f4 18. Nc2 Rg5 19. Ne1 Rag8 20. Nf1 Ne7 21. Qd2 Nf5 22. b3 h5 23. Kh1 h4 24. h3 Nh5 25.
Re5 Nfg3+ 26. Nxg3 Nxg3+ 27. Kg1 Rxe5 28. dxe5 Qc5+ 29. Qf2 Qxc3 30. Rd1 Qxe5 31. Nd3 Qe3 32. Qxe3 fxe3 33. Re1 d4 34. Ne5 e2 35. Nxf7+ Kg7 36. Ne5 Rc8 37. Nd3 Rc3 38. Nf4 d3 0-1

[Event "*** MasterClass Titled Tuesday Blitz"]
[Site "Chess.com"]
[Date "2017.08.01"]
[Round "3"]
[White "jcibarra"]
[Black "Incognito_Knight"]
[Result "1-0"]
[WhiteElo "2649"]
[BlackElo "2363"]
[TimeControl "180+2"]
[EndTime "13:36:03 PDT"]
[Termination "jcibarra won by resignation"]

1. e4 c5 2. Nf3 e6 3. d4 cxd4 4. Nxd4 a6 5. c4 Nf6 6. Nc3 Qc7 7. a3 Nc6 8. Be3 Bd6 9. Ndb5 axb5 10. Nxb5 Qa5+ 11.
Bd2 Bb4 12. axb4 Qxa1 13. Nc7+ Kd8 14. Nxa8 Qxa8 15. b5 Ne7 16. Bd3 e5 17. O-O Re8 18. Bb4 Ng6 19. g3 Qa7 20. c5 Nf8 21. b6 Qa8 22.
Bb5 Ne6 23. Qd6 Nxe4 24. Qxe5 N4g5 25. Qd5 Qb8 26. h4 Nf4 27. Qxg5+ 1-0

[Event "*** MasterClass Titled Tuesday Blitz"]
[Site "Chess.com"]
[Date "2017.08.01"]
[Round "3"]
[White "Tesla37"]
[Black "TheLancer"]
[Result "1-0"]
[WhiteElo "2684"]
[BlackElo "2473"]
[TimeControl "180+2"]
[EndTime "13:36:04 PDT"]
[Termination "Tesla37 won by resignation"]

1. Nf3 c5 2. g3 g6 3. Bg2 Bg7 4. O-O Nc6 5. d3 d5 6. Nbd2 Nf6 7. e4 O-O 8. c3 e5 9. Re1 d4 10. c4 Ne8 11. Rf1 Nd6 12. a3 a5 13. h3 Be6 14.
Nh2 Qd7 15. h4 Qe7 16. h5 f6 17. f4 Bh6 18. Ndf3 exf4 19. gxf4 f5 20. e5 Nf7 21. Qe1 Kh8 22. hxg6 hxg6 23. Kf2 g5 24. fxg5 Nxg5 25. Rh1 Kg7 26. Nxg5 Bxg5 27. Nf3 Bxc1 28. Qxc1 Rh8 29. Qf4 Rxh1 30. Rxh1 Rg8 31. Ng5 Kf8 32. Nh7+ Kf7 33. Nf6 Rg7 34. Rh8 Nxe5 35. Qxe5 Qxf6 36. Rf8+ 1-0

[Event "*** MasterClass Titled Tuesday Blitz"]
[Site "Chess.com"]
[Date "2017.08.01"]
[Round "3"]
[White "Keranke"]
[Black "rubhani"]
[Result "0-1"]
[WhiteElo "2635"]
[BlackElo "2393"]
[TimeControl "180+2"]
[EndTime "13:36:04 PDT"]
[Termination "rubhani won by resignation"]

1. d4 Nf6 2. Nf3 e6 3. Bf4 d5 4.
e3 Bd6 5. Ne5 O-O 6. Nd2 c5 7.
c3 Nc6 8. Bd3 Qc7 9. Ndf3 h6 10.
g4 Nd7 11. Nxd7 Bxd7 12. Bxd6 Qxd6 13. g5 h5 14. g6 fxg6 15. Bxg6 e5 16. Bxh5 cxd4 17.
cxd4 e4 18. Nd2 Qf6 19. Qe2 Nb4 20. O-O-O Nd3+ 21. Kb1 Qxf2 22. Rhf1 Qh4 23. Nb3 Bh3 24. Rxf8+ Rxf8 25. Rg1 Rf2 26. Qd1 Rxb2+ 27. Ka1 Qf2 28. Nc1 Rxa2+ 0-1

[Event "*** MasterClass Titled Tuesday Blitz"]
[Site "Chess.com"]
[Date "2017.08.01"]
[Round "3"]
[White "Fablibi"]
[Black "Muracle"]
[Result "0-1"]
[WhiteElo "2483"]
[BlackElo "2439"]
[TimeControl "180+2"]
[EndTime "13:36:07 PDT"]
[Termination "Muracle won by resignation"]

1. g4 d6 2. Bg2 c6 3. g5 g6 4. h4 h6 5. d4 hxg5 6. Bxg5 Bg7 7. c3 Nf6 8. e4 Qc7 9. Nd2 Bg4 10. f3 Be6 11. f4 Ng4 12. Qf3 f5 13. Ne2 Na6 14. Ng3 O-O-O 15. O-O-O Nf6 16. exf5 gxf5 17. h5 Bh6 18.
Qd3 Ng4 19. Rdf1 Rdf8 20. Kb1 d5 21. Nf3 Qd6 22. Ne5 Bxg5 23. fxg5 Nxe5 24. dxe5 Qxe5 25. Re1 Qd6 26. g6 Nc5 27. Qf3 Ne4 28. Rxe4 dxe4 29. Nxe4 fxe4 30. g7 exf3 0-1

[Event "*** MasterClass Titled Tuesday Blitz"]
[Site "Chess.com"]
[Date "2017.08.01"]
[Round "3"]
[White "MaestroASK"]
[Black "kleinebeer98"]
[Result "1-0"]
[WhiteElo "2483"]
[BlackElo "2452"]
[TimeControl "180+2"]
[EndTime "13:36:13 PDT"]
[Termination "MaestroASK won by resignation"]

1. d4 Nf6 2. Bg5 Ne4 3. Bh4 g5 4. f3 gxh4 5. fxe4 c5 6. e3 Bg7 7.
Nc3 Nc6 8. Nf3 e6 9. e5 cxd4 10. exd4 d6 11. Bb5 Bd7 12. exd6 h3 13. gxh3 Nxd4 14.
Bxd7+ Kxd7 15. Rg1 Rg8 16. Ne4 Qb6 17. Rg3 Qxb2 18.
Rb1 Nxc2+ 19. Kf2 Bd4+ 20. Nxd4 Qxd4+ 21. Qxd4 Nxd4 22. Nf6+ Kxd6 23. Rxg8 1-0

[Event "*** MasterClass Titled Tuesday Blitz"]
[Site "Chess.com"]
[Date "2017.08.01"]
[Round "3"]
[White "Jahonas"]
[Black "matej2221"]
[Result "1-0"]
[WhiteElo "2186"]
[BlackElo "2270"]
[TimeControl "180+2"]
[EndTime "13:36:13 PDT"]
[Termination "Jahonas won by resignation"]

1. d4 d5 2. Nf3 Nf6 3. c4 c6 4.
Nc3 a6 5. cxd5 cxd5 6. Bf4 Nc6 7. e3 e6 8. Bd3 Bd6 9. Bxd6 Qxd6 10. O-O O-O 11.
a3 b5 12. Qe2 Bb7 13. Rfc1 Rac8 14. Nd2 Na5 15. b4 Nc4 16. Nb3 Nd7 17. Nc5 Nxc5 18.
dxc5 Qe5 19. a4 bxa4 20. Bxc4 dxc4 21. Qxc4 a5 22. Nxa4 axb4 23. Qxb4 Bc6 24. Nb6 Qg5 25.
e4 Rcd8 26. Rd1 Qg4 27. f3 Qf4 28. Qe1 Qe5 29. Rac1 Rd4 30. Rxd4 Qxd4+ 31. Qf2 Qb4 32. Rd1 g6 33. Qd4 Qa5 34. h4 h5 35. Qe5 Qb4 36. Kh2 Ba4 37. Nd7 Qd4 38. Rxd4 1-0

[Event "*** MasterClass Titled Tuesday Blitz"]
[Site "Chess.com"]
[Date "2017.08.01"]
[Round "3"]
[White "Giraffe_Chess"]
[Black "michaelk123"]
[Result "1-0"]
[WhiteElo "2205"]
[BlackElo "2326"]
[TimeControl "180+2"]
[EndTime "13:36:15 PDT"]
[Termination "Giraffe_Chess won by resignation"]

1. e4 c6 2. d4 d5 3. e5 Bf5 4. h4 h5 5. Bd3 Bxd3 6. Qxd3 e6 7. Bg5 Qa5+ 8. Nd2 Qa6 9. c4 Nd7 10. Ngf3 Ne7 11. O-O Nf5 12. a3 Be7 13. Bxe7 Kxe7 14. b4 dxc4 15. Nxc4 Nb6 16. Rfc1 Rhd8 17. a4 Rd5 18. b5 cxb5 19. axb5 Qxb5 20. Rab1 Qd7 21. Qa3+ Ke8 22. Nxb6 axb6 23. Qxa8+ 1-0

[Event "*** MasterClass Titled Tuesday Blitz"]
[Site "Chess.com"]
[Date "2017.08.01"]
[Round "3"]
[White "Chess64Surfer"]
[Black "Quiet_Desperation"]
[Result "0-1"]
[WhiteElo "2009"]
[BlackElo "2103"]
[TimeControl "180+2"]
[EndTime "13:36:16 PDT"]
[Termination "Quiet_Desperation won on time"]

1. d4 Nf6 2. Nf3 e6 3. Bf4 b6 4. e3 Bb7 5. Nbd2 Be7 6. Bd3 d6 7. O-O Nh5 8. Bg3 Nxg3 9. hxg3 Nd7 10. c3 h5 11. e4 h4 12. gxh4 Bxh4 13. Nxh4 Qxh4 14.
f3 Nf6 15. Qe1 Qh2+ 16. Kf2 Nh5 17. Rg1 O-O-O 18. Nf1 Qh4+ 19. Ke2 Nf4+ 20. Kd2 Qf6 21. Ne3 c5 22. Ng4 Qe7 23. Qg3 Nxd3 24. Kxd3 Ba6+ 25. Kd2 cxd4 26. cxd4 d5 27. Rac1+ Kb7 28. a3 dxe4 29. Qe5 Rxd4+ 30. Ke1 Rhd8 0-1

[Event "*** MasterClass Titled Tuesday Blitz"]
[Site "Chess.com"]
[Date "2017.08.01"]
[Round "3"]
[White "Kanthecarowin"]
[Black "Lord_Neezy"]
[Result "1-0"]
[WhiteElo "2310"]
[BlackElo "2159"]
[TimeControl "180+2"]
[EndTime "13:36:17 PDT"]
[Termination "Kanthecarowin won by checkmate"]

1. d4 e6 2. c4 Bb4+ 3. Nc3 f5 4. g3 Nf6 5. Bg2 d6 6. Qa4+ Nc6 7. Bxc6+ bxc6 8. Qxb4 O-O 9. Nf3 Qe7 10. O-O a5 11. Qb3 Kh8 12. Bf4 Ba6 13. Rac1 Rfb8 14. Qa4 Rb4 15. Qxa5 Rxb2 16. Rb1 Bb7 17. Qxa8+ Bxa8 18. Rxb2 h6 19. Rb8+ Kh7 20. Rxa8 g5 21. Nxg5+ hxg5 22.
Bxg5 Qg7 23. Bxf6 Qxf6 24. e3 e5 25. d5 f4 26. dxc6 f3 27. Rc8 Qe6 28. Rxc7+ Kg6 29. Rd1 Qxc4 30. Rxd6+ Kf5 31. e4+ Kg5 32. Rg7+ Kh5 33.
Rh7+ Kg5 34. Rg7+ Kh5 35. g4+ Kh4 36. Rh6# 1-0

[Event "*** MasterClass Titled Tuesday Blitz"]
[Site "Chess.com"]
[Date "2017.08.01"]
[Round "3"]
[White "Aygehovit1992"]
[Black "GMHess"]
[Result "1-0"]
[WhiteElo "2471"]
[BlackElo "2605"]
[TimeControl "180+2"]
[EndTime "13:36:22 PDT"]
[Termination "Aygehovit1992 won by resignation"]

1. e4 d6 2. d4 Nf6 3. Nc3 c6 4.
Be2 Qc7 5. g4 e5 6. g5 Nfd7 7.
Be3 Be7 8. h4 Nf8 9. d5 Ng6 10.
Qd2 Nd7 11. h5 Ngf8 12. O-O-O Nb6 13. f4 exf4 14. Bxf4 Bd7 15. Nf3 O-O-O 16. Nd4 g6 17. Rde1 gxh5 18. dxc6 bxc6 19. Ba6+ Kb8 20. e5 Ng6 21. Ndb5 dxe5 22. Nxc7 exf4 23. Rxe7 Nxe7 24. Qxf4 Ng6 25. Qh2 Bg4 26. Ne6+ Ka8 27. Nxd8 Rxd8 28. Qc7 1-0

[Event "*** MasterClass Titled Tuesday Blitz"]
[Site "Chess.com"]
[Date "2017.08.01"]
[Round "3"]
[White "Rickstereo"]
[Black "AndrewMcStone"]
[Result "0-1"]
[WhiteElo "2102"]
[BlackElo "2080"]
[TimeControl "180+2"]
[EndTime "13:36:24 PDT"]
[Termination "AndrewMcStone won by resignation"]

1. c4 f5 2. d4 Nf6 3. Nc3 e6 4. Bg5 Bb4 5. Rc1 O-O 6. Nf3 Qe8 7. e3 Ne4 8. Bd3 Bxc3+ 9. bxc3 Nxg5 10. Nxg5 Qg6 11.
f4 b6 12. d5 e5 13. O-O e4 14. Be2 Na6 15. Kh1 Nc5 16. Rg1 h6 17. Nh3 d6 18.
Rc2 Bd7 19. g4 Ba4 20. gxf5 Qxf5 21. Bg4 Qf6 0-1

[Event "*** MasterClass Titled Tuesday Blitz"]
[Site "Chess.com"]
[Date "2017.08.01"]
[Round "3"]
[White "H16"]
[Black "cool64chess"]
[Result "1-0"]
[WhiteElo "2304"]
[BlackElo "2122"]
[TimeControl "180+2"]
[EndTime "13:36:25 PDT"]
[Termination "H16 won by resignation"]

1. d4 d5 2. c4 e6 3. Nf3 Nf6 4.
Nc3 Be7 5. Bf4 O-O 6. e3 dxc4 7. Bxc4 Nd5 8. Bg3 c5 9. Bxd5 exd5 10. dxc5 Be6 11.
O-O Na6 12. Qe2 Nxc5 13. Rfd1 Rc8 14. e4 dxe4 15. Rxd8 Rfxd8 16. Nxe4 Nxe4 17. Qxe4 Bf6 18. Be5 Bd5 19. Qf4 Bxe5 20. Nxe5 f6 21. Nf3 Bxa2 22. h4 Bc4 23. h5 a6 24. h6 Be6 25. Re1 Rc4 26. Qg3 Rg4 27. Qc7 Rd7 28. Qc8+ Kf7 29. Rxe6 Kxe6 30. Qg8+ Kd6 31. Qxh7 Kc7 32. Qc2+ Kb8 33. h7 Rd8 34. Qd2 Rh8 35. Qd5 1-0

[Event "*** MasterClass Titled Tuesday Blitz"]
[Site "Chess.com"]
[Date "2017.08.01"]
[Round "3"]
[White "grzechu96"]
[Black "PelinGorki"]
[Result "0-1"]
[WhiteElo "2406"]
[BlackElo "2419"]
[TimeControl "180+2"]
[EndTime "13:36:32 PDT"]
[Termination "PelinGorki won by resignation"]

1. e4 d6 2. d4 Nf6 3. Nc3 c6 4. f4 Qa5 5. Bd3 e5 6. Nf3 exd4 7.
Nxd4 Qb6 8. Nf3 d5 9. exd5 cxd5 10. Qe2+ Be7 11. Bb5+ Nc6 12. Be3 Qd8 13. O-O-O O-O 14. h3 Qa5 15. Nd4 Bd7 16. Nb3 Qc7 17. Nxd5 Nxd5 18.
Rxd5 Be6 19. Rdd1 Rfe8 20. Qf2 a6 21. Bxc6 bxc6 22. f5 Bd5 23. Bd4 a5 24. f6 Bd6 25.
a3 Rab8 26. fxg7 a4 27. Nd2 Bg3 28. Qf1 c5 29. Bc3 Re3 30. Qf6 Rxc3 31. bxc3 Be5 32.
Qf5 Be6 33. Qe4 Bxc3 34. Nb1 Rxb1+ 35. Kxb1 Qb6+ 0-1

[Event "*** MasterClass Titled Tuesday Blitz"]
[Site "Chess.com"]
[Date "2017.08.01"]
[Round "3"]
[White "prochn"]
[Black "SuperBlitz"]
[Result "0-1"]
[WhiteElo "2247"]
[BlackElo "2278"]
[TimeControl "180+2"]
[EndTime "13:36:33 PDT"]
[Termination "SuperBlitz won by resignation"]

1. d4 Nf6 2. c4 c6 3. Nc3 d5 4. cxd5 cxd5 5. Bf4 Nc6 6. e3 g6 7. a3 Bg7 8. Bd3 O-O 9. Nf3 Nh5 10. Bg3 Nxg3 11.
hxg3 e5 12. dxe5 Nxe5 13. Nxe5 Bxe5 14. Rh4 d4 15. exd4 Bxd4 16. Kf1 Bf6 17. Rb4 a5 18. Rb5 Be6 19. Rxb7 Qc8 20. Qf3 Rd8 21. Be4 Bg7 22.
Nd5 Qc4+ 23. Kg1 Bxd5 24. Bxd5 Qxd5 25. Qxd5 Rxd5 26. Rc1 Re8 27. b4 axb4 28. axb4 Bd4 29. g4 Rde5 30. Rcc7 Re1+ 31. Kh2 Be5+ 32. g3 Bxc7 33.
Rxc7 Rb8 34. Rc4 Rb1 0-1

[Event "*** MasterClass Titled Tuesday Blitz"]
[Site "Chess.com"]
[Date "2017.08.01"]
[Round "3"]
[White "iturrizaga"]
[Black "Adham_Fawzy"]
[Result "1-0"]
[WhiteElo "2651"]
[BlackElo "2388"]
[TimeControl "180+2"]
[EndTime "13:36:38 PDT"]
[Termination "iturrizaga won by resignation"]

1. Nf3 Nf6 2. c4 e6 3. g3 b6 4. Bg2 Bb7 5. O-O Be7 6. b3 O-O 7.
Bb2 d5 8. e3 Nbd7 9. Qe2 c5 10.
Rd1 Qc7 11. Nc3 a6 12. Rac1 Rac8 13. cxd5 exd5 14. d4 Qb8 15. Ne5 cxd4 16. Nxd7 Nxd7 17. Rxd4 Nf6 18. Rcd1 Bc5 19. R4d3 d4 20. exd4 Bxg2 21.
Kxg2 Bb4 22. d5 Qb7 23. Ne4 Nxe4 24. Qxe4 Rc2 25. Bxg7 Kxg7 26. Qg4+ Kh8 27. Qxb4 Re8 28.
Re3 Qc8 29. Qd4+ Kg8 30. d6 Qc6+ 31. Qd5 Qxd5+ 32. Rxd5 Rd8 33. d7 Kf8 34. a4 Rc7 35. Red3 Ke7 36. Kf3 Ke6 37. Rd6+ Ke7 38. Rxb6 Rdxd7 39.
Re3+ Kf8 40. Rxa6 Rc5 41. Rf6 Kg7 42. Rf4 Rd6 43. h4 h5 44. b4 Rc2 45. Re5 Rdd2 46. Kg2 Kg6 47. Rg5+ Kh6 48. Rf6+ Kh7 49. Rxf7+ Kh6 50.
Rf6+ Kh7 51. Rxh5+ Kg7 52. Rff5 Rd4 53. Rhg5+ Kh6 54.
Rf4 Rd1 55. b5 Rcc1 56. Kf3 Rd3+ 57. Kg4 Rc7 58. b6 Re7 59. a5 Ra3 60. Rb5 Rg7+ 61.
Kh3 Rb7 62. Rf6+ Kg7 63. Rc6 Kg8 64. Rc8+ Kg7 65. Rc7+ Rxc7 66. bxc7 Rc3 67. a6 1-0